 Dungeon Sprint DCSS version 0.21-a0-352-g5b8f553 (webtiles) character file.

132 Kidiri the Skirmisher (level 4, -1/44 HPs)
             Began as a Draconian Gladiator on Oct 10, 2017.
             Slain by a human (6 damage)
             ... in the Dungeon (Sprint III: "The Ten Rune Challenge").
             The game lasted 00:01:59 (575 turns).

Kidiri the Skirmisher (Draconian Gladiator)          Turns: 575, Time: 00:02:00

Health: -1/44      AC:  5    Str: 24    XL:     4   Next: 92%
Magic:  4/4        EV: 15    Int:  9    God:
Gold:   13         SH:  0    Dex: 14    Spells: 3/3 levels left

rFire    . . .     SeeInvis .   a - +0 flail
rCold    . . .     Gourm    .   (no shield)
rNeg     . . .     Faith    .   (armour unavailable)
rPois    .         Spirit   .   b - +0 hat
rElec    .         Reflect  .   (no cloak)
rCorr    .         Harm     .   (no gloves)
MR       .....     NoTele   +   (no boots)
Stlth    +.........             (no amulet)
HPRegen  0.14/turn              (no ring)
MPRegen  0.09/turn              (no ring)

@: mighty
A: unfitting armour, claws 1, agile 1, strong 1, cold-blooded, AC +5
a: no special abilities


You were in the Dungeon.
You were not hungry.

You visited 1 branch You collected 13 gold pieces.

Inventory:

Hand Weapons
 a - a +0 flail (weapon)
Missiles
 c - 3 throwing nets (quivered)
Armour
 b - a +0 hat (worn)
Scrolls
 j - a scroll of blinking
 n - 2 scrolls of remove curse
 r - a scroll of torment {unknown}
Potions
 g - a potion of haste
 h - 2 potions of magic
 k - 2 potions of flight {unknown}
 p - a potion of degeneration {unknown}
 q - a potion of lignification {unknown}
 s - a potion of might
Comestibles
 d - a bread ration
 o - 2 royal jellies


   Skills:
 * Level 6.1 Fighting
 * Level 6.0 Maces & Flails
 + Level 3.7 Throwing
 * Level 5.4 Dodging


You had 3 spell levels left.
You didn't know any spells.

Dungeon Overview and Level Annotations

Branches:
Dungeon (1/1)

Altars:
Okawaru
Trog
Uskayaw
Wu Jian
Beogh


Innate Abilities, Weirdness & Mutations

Your plain brown scales are hard. (AC +5)
You cannot fit into any form of body armour.
You are cold-blooded and may be slowed by cold attacks.
You have sharp fingernails.
You are agile. (Dex +2)
Your muscles are strong. (Str +2)


Message History

The human goes berserk!
Unknown command.
You hit the human.
The human is moderately wounded.
The human hits you but does no damage. The human hits you!
Unknown command.
You barely miss the human.
The human is moderately wounded.
The human hits you with a dagger! The human misses you.
The human hits you but does no damage.
You feel very mighty all of a sudden. The human hits you with a dagger.
The human hits you!
* * * LOW HITPOINT WARNING * * *
You feel better. The human hits you but does no damage.
The human hits you with a dagger. The human hits you!
* * * LOW HITPOINT WARNING * * *
You barely miss the human.
The human is moderately wounded.
The human misses you. The human hits you.
You die...

▓▓ ▓▓▓ .#### ##.# #####
....#####..# #___#
.....#..#..# #pp.#
##...#..#..###+#@###+##
###..##+#..#..........#
.##..###...'.⌠........#
##..####...#...######+#
##..###....#.⌠.#
#..÷##.....#...#
....#......#+###
..##.#.....#
..#####....#


You could see 2 humans.

Vanquished Creatures
  A water elemental (D)
  A scorpion (D)
  A human (D)
  An ooze (D)
  3 rats (D)
7 creatures vanquished.

Vanquished Creatures (others)
  2 draconian scorchers (D)
  6 hellions (D)
  A yaktaur (D)
  5 plants (D)
14 creatures vanquished.

Grand Total: 21 creatures vanquished

Notes
Turn   | Place    | Note
-------+----------+-------------------------------------------
     0 | D        | Kidiri the Draconian Gladiator began the quest for the Orb.
     0 | D        | Reached XP level 1. HP: 17/17 MP: 1/1
    65 | D        | Killed a yaktaur
    89 | D        | Killed a hellion
    99 | D        | Killed a hellion
   103 | D        | Killed a hellion
   103 | D        | Killed a hellion
   104 | D        | Killed a hellion
   128 | D        | Killed a hellion
   188 | D        | Killed a white draconian scorcher
   196 | D        | Killed a white draconian scorcher
   204 | D        | Reached XP level 2. HP: 17/27 MP: 2/2
   364 | D        | Noticed a scorpion
   373 | D        | Killed a scorpion
   373 | D        | Reached skill level 5 in Fighting
   373 | D        | Reached skill level 5 in Maces & Flails
   373 | D        | Reached XP level 3. HP: 32/36 MP: 3/3
   373 | D        | Reached XP level 4. HP: 37/42 MP: 4/4
   393 | D        | Gained mutation: You have sharp fingernails. [potion of mutation]
   393 | D        | Gained mutation: Scrolls take you a little longer to read. [potion of mutation]
   393 | D        | Gained mutation: You have very sharp fingernails. [potion of mutation]
   393 | D        | Gained mutation: You evolve. [potion of mutation]
   394 | D        | Lost mutation: Scrolls take you a little longer to read. [potion of mutation]
   394 | D        | Lost mutation: You evolve. [potion of mutation]
   394 | D        | Lost mutation: You have very sharp fingernails. [potion of mutation]
   394 | D        | Gained mutation: Your muscles are strong. (Str +2) [potion of mutation]
   394 | D        | Gained mutation: You are agile. (Dex +2) [potion of mutation]
   405 | D        | Noticed a water elemental
   418 | D        | Killed a water elemental
   418 | D        | Reached skill level 5 in Dodging
   567 | D        | Found an ornate altar of the Wu Jian Council.
   567 | D        | Found a roughly hewn altar of Beogh.
   567 | D        | Found an iron altar of Okawaru.
   567 | D        | Found a bloodstained altar of Trog.
   567 | D        | Found a hide-covered altar of Uskayaw.
   567 | D        | Noticed a human
   567 | D        | Noticed a human
   575 | D        | Slain by a human

Vault maps used:
D:        dungeon_sprint_mu

Skill      XL: |  1  2  3  4 |
---------------+-------------+-----
Fighting       | 4 5 6 |  6.1
Throwing       | 2 3 |  3.7
Dodging        | 3 4 5 |  5.4
Maces & Flails | 4 5 6 |  6.0

Action                   |  1- 3 |  4- 6 || total
-------------------------+-------+-------++-------
Melee: Flail             |    27 |    16 ||    43
       Tailslap          |     4 |     3 ||     7
  Use: Potion            |     2 |     4 ||     6
       Scroll            |       |     3 ||     3
 Stab: Sleeping          |     2 |       ||     2
Armor: Skin              |     4 |     4 ||     8
Dodge: Dodged            |    13 |    13 ||    26

Table legend:
 A = Spawn XP
 B = Non-spawn XP
 C = Spawn XP percentage of total XP
 D = Spawn monster count
 E = Non-spawn monster count
 F = Spawn count percentage of total count
 G = Total turns spent on level
                    A         B        C        D         E        F      G
               +---------+---------+-------+---------+---------+-------+---------
         Total |       0 |     189 |   0.0 |       0 |       7 |   0.0 |   575
               +---------+---------+-------+---------+---------+-------+---------
             D |       0 |     189 |   0.0 |       0 |       7 |   0.0 |   575
               +---------+---------+-------+---------+---------+-------+---------
